 Dungeon Crawl Stone Soup version 0.28-a0-48-gfd831c5874 (webtiles) character file.

Game seed: 12151281706629660896

5735 Spectrina the Covert (level 10, -1/54 HPs)
             Began as a Deep Elf Delver on July 29, 2021.
             Was an Elder of Ru.
             Slain by a yak (10 damage)
             ... on level 12 of the Dungeon on July 30, 2021.
             The game lasted 01:07:37 (6452 turns).

Spectrina the Covert (Deep Elf Delver)              Turns: 6452, Time: 01:07:37

Health: -1/54      AC:  4    Str:  9    XL:     10   Next: 48%
Magic:  2/30       EV: 13    Int: 19    God:    Ru [****..]
Gold:   454        SH:  0    Dex: 24    Spells: 1/21 levels left

rFire   . . .      SeeInvis .   j - +2 quarterstaff of a Hundred Friars {venom, Will- MP+9 Dex+8}
rCold   + . .      Faith    +   (shield currently unavailable)
rNeg    . . .      Spirit   .   I - +0 leather armour
rPois   .          Reflect  .   y - +0 helmet
rElec   .          Harm     .   (no cloak)
rCorr   .          Rampage  .   (no gloves)
Will    .....                   (no boots)
Stlth   +++++.....              U - amulet of faith
HPRegen 0.18/turn               K - ring of protection from cold
MPRegen 0.22/turn               (no ring)

@: exhausted, unable to read, very slightly contaminated
A: inability to read while threatened, inability to train armour, weak-willed 1
a: Renounce Religion, Draw Out Power, Power Leap


You were on level 12 of the Dungeon.
You worshipped Ru.
Ru was greatly pleased with you.
You visited 1 branch of the dungeon, and saw 12 of its levels.
You also visited: Sewer and Ossuary.

You collected 454 gold pieces.

Inventory:

Hand Weapons
 a - a +0 whip of electrocution
 b - a +1 hunting sling of flaming
 j - the +2 quarterstaff of a Hundred Friars (weapon) {venom, Will- MP+9 Dex+8}
   (You found it on level 12 of the Dungeon)

   It poisons the flesh of those it strikes.
   Dex:       It affects your dexterity (+8).
   MP:        It affects your magic capacity (+9).
   Will:      It decreases your willpower.
 q - a +3 battleaxe
 r - a +2 vorpal flail
 z - a +0 shortbow
 A - a +2 spear of venom
 O - a +0 dagger of draining
 T - the +7 morningstar of the Four Invaders {vorpal, Will+ MP-9 Str+8}
   (You found it on level 10 of the Dungeon)

   It inflicts extra damage upon your enemies.
   Str:       It affects your strength (+8).
   MP:        It affects your magic capacity (-9).
   Will:      It increases your willpower.
Missiles
 l - 226 stones (quivered)
 u - 89 arrows
 B - 31 poisoned darts
 C - 81 sling bullets
Armour
 e - a +2 buckler of protection
 y - a +0 helmet (worn)
 I - a +0 leather armour (worn)
 M - a +1 chain mail of cold resistance
Magical Staves
 V - a staff of death
Jewellery
 K - a ring of protection from cold (left hand)
 U - an amulet of faith (around neck)
Wands
 g - a wand of digging (3)
 i - a wand of acid (24)
 t - a wand of mindburst (2)
 L - a wand of flame (11)
 N - a wand of charming (3)
Scrolls
 c - 3 scrolls of fog
 d - 3 scrolls of magic mapping
 f - a scroll of summoning
 h - 2 scrolls of acquirement {unknown}
 k - 2 scrolls of noise
 s - a scroll of blinking
 v - 2 scrolls of torment
 w - 3 scrolls of immolation
 F - a scroll of amnesia
 H - 3 scrolls of teleportation
 J - 2 scrolls of fear
 Q - a scroll of vulnerability {unknown}
 R - a scroll of brand weapon
Potions
 m - a potion of might
 n - a potion of magic
 o - 3 potions of haste
 p - 5 potions of curing
 x - 4 potions of lignification
 D - 2 potions of mutation
 E - a potion of flight
 P - a potion of berserk rage


   Skills:
 - Level 2.4 Fighting
 - Level 2.0 Short Blades
 - Level 2.4 Dodging
 - Level 10.2 Stealth
 - Level 6.0 Spellcasting
 * Level 9.4 Conjurations
 + Level 5.1 Summonings
 * Level 8.9 Fire Magic
 - Level 5.0 Evocations


You had one spell level left.
You knew the following spells:

 Your Spells              Type           Power      Damage    Failure   Level
a - Fireball              Conj/Fire      20%        3d10      10%         5
f - Sticky Flame          Conj/Fire      40%        2d6       3%          4
k - Summon Small Mammal   Summ           100%       N/A       1%          1
l - Call Canine Familiar  Summ           25%        N/A       6%          3
m - Animate Skeleton      Necr           10%        N/A       16%         1
p - Iskenderun's Battles  Conj           41%        2d9       9%          5
x - Apportation           Tloc           10%        N/A       16%         1

Your spell library contained the following spells:

 Spells                   Type           Power      Damage    Failure   Level
 Corona                   Hex            5%         N/A       16%         1
 Static Discharge         Conj/Air       23%        N/A       3%          2
 Summon Guardian Golem    Hex/Summ       15%        N/A       17%         3
 Frozen Ramparts          Ice            10%        1d3       43%         3
 Summon Ice Beast         Ice/Summ       15%        N/A       50%         4
 Dispel Undead            Necr           5%         3d7       83%         4
 Ice Form                 Ice/Tmut       5%         N/A       83%         4
 Orb of Destruction       Conj           20%        9d9       95%         7
 Conjure Ball Lightning   Conj/Air       11%        3x3d6     98%         6
 Spellforged Servitor     Conj/Summ      16%        N/A       100%        7


Dungeon Overview and Level Annotations

Branches:
Dungeon (12/15)               Orc (0/2) D:12          Sewer (visited)
Ossuary (visited)
 Temple: D:4-7         Lair: D:8-11

Altars:
Gozag
Makhleb
Ru
Xom


Innate Abilities, Weirdness & Mutations

You sometimes lose the ability to read scrolls when taking damage.
You cannot train Armour skill.
You are slightly weak-willed. (Will-)


Message History

Unknown command.
Unknown command.
Casting: Fireball (quite dangerous; 10% risk of failure)
Confirm with . or Enter, or press ? or * to list all spells.
The spell is quite dangerous to cast (10% risk of failure)!
Continue anyway?
Aiming: Fireball (quite dangerous; 10% risk of failure)
Press: ? - help, Shift-Dir - straight line, f - yak
Aim: a yak (lightly wounded, ally target)
You miscast Fireball.
You are very lightly contaminated with residual magic.
Heat runs through your body!
You hit the yak.
The yak is poisoned.
The yak is lightly wounded.
The yak gores you.
Casting: Fireball (quite dangerous; 10% risk of failure)
Confirm with . or Enter, or press ? or * to list all spells.
Aiming: Sticky Flame (dangerous; 3% risk of failure)
Press: ? - help, Shift-Dir - straight line, f/p - yak
Aim: a yak (moderately wounded, very poisoned, ally target, 100% to hit)
You miscast Sticky Flame.
Nothing appears to happen.
The yak gores you.
You feel threatened and lose the ability to read scrolls!
Unknown command.
You're too exhausted to draw out your power.
You barely miss the yak.
The yak is lightly wounded.
You can read scrolls again.
The yak gores you!
You feel threatened and lose the ability to read scrolls!
Ru believes you are ready to make a new sacrifice.
Ru asks you to sacrifice your Armour skill.
This is a major sacrifice.
Piety after sacrifice: ****..
Do you really want to make this sacrifice?
You can no longer train Armour skill.
You can now gather your power into a mighty leap.
The yak gores you!
* * * LOW HITPOINT WARNING * * *
Unknown command.
Unknown command.
The yak gores you!
You die...

..#≈≈≈.≈≈≈#......#......#..#
..####.#######...########..#
.....#.......#.............#
(....#.......#..B..........#
.....#.......#.............#*
.....#.......#......*.......#
.....#.......###...†..#######
.....#.........#......#
.....#.........+@Y....#
.....####......#......#****
...................<.....,*
..................#####..,****
..................#,,,*....,,*
..............<...+,,,*,...,,*
..................#,,,*,,..,,*
.......########...#****,,,,,,*
####...#,,,,,,#....,,,,,,,,,,*


You could see a boulder beetle, a yak (poisoned, ally target) and a friendly
battlesphere.

Vanquished Creatures
  A boulder beetle (D:9)
  Joseph (D:7)
  An unseen horror (D:11)
  A shadow (D:12)
  A wyvern (D:8)
  4 yaks (D:12)
  2 steam dragons
  2 sky beasts
  Purgy (Sewer)
  An orc warrior (D:9)
  2 ice beasts
  A necrophage (D:7)
  4 ogres
  2 centaurs
  4 elf zombies (Ossuary)
  2 bullfrogs
  5 scorpions
  12 wights
  2 howler monkeys
  An electric eel (D:9)
  A centaur zombie (D:8)
  A gnoll shaman (D:6)
  4 hounds
  2 jellies
  An orc priest (D:7)
  2 human zombies (Ossuary)
  2 centaur skeletons (D:7)
  6 orc wizards
  A killer bee zombie (D:9)
  A hound zombie (Ossuary)
  A howler monkey zombie (D:6)
  4 mummies (Ossuary)
  11 gnolls
  2 river rats (D:6)
  4 adders
  A shadow imp (D:7)
  A white imp (D:12)
  2 adder zombies (Ossuary)
  12 orcs
  5 ball pythons
  3 bats (D:3)
  5 endoplasms
  2 giant cockroaches (D:6)
  4 goblins
  5 hobgoblins
  12 jackals
  A frilled lizard (D:2)
  A hobgoblin zombie (Ossuary)
  8 kobolds
  A kobold zombie (Ossuary)
  An orc zombie (Ossuary)
  A quokka skeleton (D:4)
  3 rats (D:6)
161 creatures vanquished.

Vanquished Creatures (collateral kills)
  2 wights (D:8)
2 creatures vanquished.

Vanquished Creatures (others)
  A black bear (D:5)
  4 plants (D:9)
5 creatures vanquished.

Grand Total: 168 creatures vanquished

Notes
Turn   | Place    | Note
-------+----------+-------------------------------------------
     0 | D:5      | Spectrina the Deep Elf Delver began the quest for the Orb.
     0 | D:5      | Reached XP level 1. HP: 13/13 MP: 3/3
    83 | D:3      | Reached XP level 2. HP: 12/18 MP: 4/4
   139 | D:4      | Reached skill level 7 in Stealth
   169 | D:4      | Reached XP level 3. HP: 1/22 MP: 5/5
   219 | D:4      | Noticed a scorpion
   303 | D:5      | Reached skill level 8 in Stealth
   303 | D:5      | Reached XP level 4. HP: 8/27 MP: 6/6
   319 | D:6      | Noticed a scorpion
   404 | D:6      | HP: 1/27 [river rat (6)]
   483 | D:6      | Found a glowing drain.
   488 | Sewer    | Entered a sewer
   722 | Sewer    | Noticed Purgy
   826 | Sewer    | Killed Purgy
   827 | Sewer    | Reached skill level 9 in Stealth
   827 | Sewer    | Reached XP level 5. HP: 20/31 MP: 7/7
   966 | D:7      | Noticed Joseph
   978 | D:7      | Reached skill level 10 in Stealth
   978 | D:7      | Reached XP level 6. HP: 32/36 MP: 8/8
  1130 | D:7      | Reached skill level 1 in Spellcasting
  1198 | D:7      | Found an opulent altar of Gozag.
  1198 | D:7      | Found a sacrificial altar of Ru.
  1236 | D:7      | Reached skill level 1 in Conjurations
  1250 | D:7      | Reached skill level 1 in Evocations
  1330 | D:7      | HP: 1/36 [orc wizard/puff of flame (7)]
  1332 | D:7      | Reached XP level 7. HP: 1/40 MP: 11/13
  1405 | D:7      | Found a shimmering altar of Xom.
  1461 | D:7      | Became a worshipper of Ru the Awakened
  1482 | D:7      | Found a sand-covered staircase.
  1494 | Ossuary  | Entered an ossuary
  1551 | Ossuary  | Reached skill level 1 in Fire Magic
  1576 | Ossuary  | HP: 1/40 [elf zombie (3)]
  1885 | Ossuary  | Learned a level 5 spell: Fireball
  1891 | Ossuary  | Learned a level 5 spell: Iskenderun's Battlesphere
  2083 | Ossuary  | Reached XP level 8. HP: 16/45 MP: 16/16
  2129 | D:7      | Reached skill level 5 in Spellcasting
  2539 | D:4      | Reached skill level 5 in Conjurations
  2770 | D:4      | HP: 2/45 [poisoned by a scorpion]
  2874 | D:3      | Gained mutation: You are slightly weak-willed. (Will-) [Ru
                  | sacrifice]
  2874 | D:3      | Reached * piety under Ru
  2874 | D:3      | Reached ** piety under Ru
  2981 | D:1      | Learned a level 1 spell: Animate Skeleton
  2983 | D:1      | Learned a level 1 spell: Apportation
  3432 | D:3      | Learned a level 3 spell: Call Canine Familiar
  4012 | D:5      | Reached skill level 1 in Summonings
  4012 | D:5      | Reached XP level 9. HP: 39/49 MP: 18/20
  4029 | D:5      | Reached skill level 5 in Fire Magic
  4197 | D:6      | Reached skill level 5 in Evocations
  4330 | D:6      | HP: 2/49 [poisoned by a gnoll]
  4374 | D:6      | Learned a level 4 spell: Sticky Flame
  4659 | D:8      | Gained mutation: You sometimes lose the ability to read
                  | scrolls when taking damage. [Ru sacrifice]
  4659 | D:8      | Reached *** piety under Ru
  4871 | D:8      | Found a burning altar of Makhleb.
  4908 | D:8      | Learned a level 1 spell: Summon Small Mammal
  5172 | D:7      | Killed Joseph
  5469 | D:10     | Entered Level 10 of the Dungeon
  5568 | D:9      | Noticed a boulder beetle
  5603 | D:9      | Killed a boulder beetle
  5604 | D:9      | Reached XP level 10. HP: 25/54 MP: 4/21
  5716 | D:10     | Identified the +7 morningstar of the Four Invaders {vorpal,
                  | Will+ MP-9 Str+8}
  6312 | D:12     | Identified the +2 quarterstaff of a Hundred Friars {venom,
                  | Will- MP+9 Dex+8}
  6345 | D:12     | Noticed a manticore
  6378 | D:12     | Noticed a boulder beetle
  6439 | D:12     | Reached skill level 5 in Summonings
  6449 | D:12     | Gained mutation: You cannot train Armour skill. [Ru
                  | sacrifice]
  6449 | D:12     | Reached **** piety under Ru
  6452 | D:12     | Slain by a yak

Illustrated notes

Levels and vault maps discovered:
D:1:      minmay_arrival_plants_in_alcoves, layout_basic, feat_on_display
D:2:      layout_loops_cross, basic_altar, guppyfry_early_lair_pool
D:3:      layout_basic
D:4:      layout_loops_ring, grunt_ministairs_3, palyth_stone_intersect,
          minmay_misc_feat_chi
D:5:      layout_rooms, st_stairs_10
D:6:      layout_cave_pods, portal_sewer_entry_e, hangedman_decor_slide_cut
D:7:      layout_loops_ring, minitemple, minmay_temple_entry_nine_rooms,
          enter_ossuary_2, bh_walls_and_bars, uniq_joseph
D:8:      layout_cave_pools, lightli_temple_of_fire
D:9:      layout_grid_maze, serial_bayou_lake_a
D:10:     layout_loops_cross, nicolae_straight_to_the_point
D:11:     minmay_slanted_spiral_squares, layout_small_grid, david_lair_shrubbed,
          serial_rivers, chequers_serial_rivers_small_b,
          chequers_serial_rivers_marsh, chequers_serial_rivers_large_a,
          chequers_serial_rivers_micro_b, chequers_serial_rivers_room_b,
          chequers_serial_rivers_room_b
D:12:     layout_irregular_city, orc_david_3, serial_ice, serial_ice_o,
          serial_ice_g, serial_ice_a, serial_ice_d, serial_ice_m, serial_ice_f,
          serial_ice_l, serial_ice_h, serial_ice_b, serial_ice_e,
          portal_ice_cave_entry_pillars_1, gauntlet_entry_generic,
          maelrawn_ghost_gauntlet_escape, minmay_joined_circles

Skill      XL: |  1  2  3  4  5  6  7  8  9 10 |
---------------+-------------------------------+-----
Stealth        | 7 8 9 10 | 10.2
Spellcasting   | 2 4 6 |  6.0
Conjurations   | 2 3 5 8 9 |  9.4
Evocations     | 1 3 4 5 |  5.0
Fire Magic     | 2 4 8 |  8.9
Summonings     | 1 4 5 |  5.1
Fighting       | |  2.4
Short Blades   | |  2.0
Dodging        | |  2.4

Action                   |  1- 3 |  4- 6 |  7- 9 | 10-12 || total
-------------------------+-------+-------+-------+-------++-------
Melee: Short sword       |    18 |     1 |     3 |       ||    22
       Whip              |    32 |    97 |   368 |    19 ||   516
       Unarmed           |       |       |    16 |       ||    16
       Dagger            |       |       |     6 |       ||     6
       Quarterstaff      |       |       |       |     3 ||     3
 Fire: Hunting sling     |       |       |     2 |       ||     2
Throw: Stone             |       |    16 |    21 |       ||    37
 Cast: Call Canine Famil |       |       |    10 |     8 ||    18
       Sticky Flame      |       |       |     2 |    10 ||    12
       Summon Small Mamm |       |       |       |     4 ||     4
       Fireball          |       |       |       |     2 ||     2
       Iskenderun's Batt |       |       |       |     1 ||     1
Invok: Sacrifice Essence |       |       |     1 |       ||     1
       Draw Out Power    |       |       |     2 |     3 ||     5
       Sacrifice Words   |       |       |     1 |       ||     1
       Sacrifice Durabil |       |       |       |     1 ||     1
Evoke: Wand              |     2 |    20 |    46 |       ||    68
  Use: Potion            |     1 |     1 |     8 |       ||    10
       Scroll            |     1 |       |    11 |     3 ||    15
 Stab: Sleeping          |     2 |     4 |    25 |     1 ||    32
       Distracted        |       |       |     2 |       ||     2
Armor: Leather armour    |    13 |    27 |   106 |     9 ||   155
       Skin              |       |       |    41 |       ||    41
Dodge: Dodged            |    38 |    39 |   198 |    14 ||   289
Block: Buckler           |       |    21 |    97 |     8 ||   126

Table legend: (Time is in decaauts)
 A = Elapsed time spent in this place.
 B = Non-inter-level travel time spent in this place.
 C = Inter-level travel time spent in this place.
 D = Time resting spent in this place.
 E = Time spent auto-exploring this place.
 F = Levels seen in this place.
 G = Mean time per level.
                   A        B        C        D        E       F      G
               +--------+--------+--------+--------+--------+-----+--------+
         Total |   6647 |   6391 |    256 |      0 |      0 |  14 |  474.8 |
       Dungeon |   5561 |   5305 |    256 |      0 |      0 |  12 |  463.4 |
         Sewer |    438 |    438 |      0 |      0 |      0 |   1 |  438.0 |
       Ossuary |    647 |    647 |      0 |      0 |      0 |   1 |  647.0 |
               +--------+--------+--------+--------+--------+-----+--------+

Top non-repeatable levels by time:
     D:6: 857 daAuts
     D:7: 825 daAuts
     D:9: 809 daAuts
     D:4: 649 daAuts
 Ossuary: 647 daAuts
     D:5: 580 daAuts
     D:8: 549 daAuts
     D:3: 528 daAuts
   Sewer: 438 daAuts
     D:2: 359 daAuts
    D:12: 147 daAuts
    D:10: 101 daAuts
     D:1: 92 daAuts
    D:11: 61 daAuts
